[Event "XII Cracow ICC-B 2024"]
[Site "Krakow"]
[Date "2024.06.26"]
[Round "6.1"]
[White "Marciniak, Leonard"]
[Black "Gbyl, Andrzej"]
[Result "0-1"]
[ECO "A31"]
[WhiteElo "1937"]
[BlackElo "2152"]
[Annotator "RC"]
[PlyCount "210"]
[EventDate "2024.06.20"]
[EventType "swiss"]
[EventCountry "POL"]
[SourceTitle "playchess.com"]
[Source "ChessBase"]
[SourceQuality "1"]
[TimeControl "40/5400+30:1800+30"]

1. d4 Nf6 2. c4 c5 3. Nf3 cxd4 4. Nxd4 e5 5. Nb5 d5 6. cxd5 a6 7. N5c3 Bc5 8. g3 Bf5 9. Bg2 e4 10. O-O O-O 11. Be3 Bxe3 12. fxe3 Bg6 13. Qd4 Nbd7 14. Nd2 Qb6 15. Ndxe4 Ng4 16. Qxb6 Nxb6 17. Nc5 Nxe3 18. Rf3 Nxg2 19. Kxg2 Nc4 20. e4 Rac8 21. Nxb7 Rc7 22. b3 Ne5 23. Re3 Rxb7 24. Rd1 Rd8 25. h3 Rc7 26. Rd4 Rdc8 27. Ne2 Rc2 28. Ra4 Nd3 29. Rxa6 Nc5 30. Rc6 Rxc6 31. dxc6 Bxe4+ 32. Kf1 Bxc6 33. Nd4 Rc1+ 34. Ke2 Bd7 35. Kd2 Rh1 36. h4 Rh2+ 37. Re2 Rxe2+ 38. Nxe2 Kf8 39. b4 Ne4+ 40. Ke3 Nd6 41. Kd4 Ke7 42. Kc5 Ne4+ 43. Kd5 f5 44. Ke5 g6 45. g4 Nd6 46. gxf5 gxf5 47. Nf4 Nc4+ 48. Kd4 Nd2 49. Kc5 Ne4+ 50. Kd5 Nc3+ 51. Ke5 Nxa2 52. Nd5+ Kf7 53. Nf6 Bc8 54. Nxh7 Nxb4 55. Ng5+ Kg6 56. Kf4 Nd3+ 57. Ke3 Nc5 58. Nf3 Ne6 59. Ne5+ Kf6 60. Nd3 Bb7 61. Kf2 Be4 62. Nc1 Nf4 63. Nb3 Ke5 64. Nd2 Nh5 65. Nc4+ Kf4 66. Ne3 Nf6 67. Nxf5 Bxf5 68. Ke2 Kg4 69. Ke3 Kxh4 70. Kf4 Bc8 71. Ke5 Kg5 72. Kd4 Kf5 73. Kc4 Ke5 74. Kc3 Ba6 75. Kc2 Kd4 76. Kb2 Nd5 77. Kb3 Bb5 78. Kc2 Bc4 79. Kb2 Kd3 80. Ka3 Kc3 81. Ka4 Nb6+ 82. Ka3 Nd7 83. Ka4 Ne5 84. Ka3 Nd3 85. Ka4 Kd4 86. Ka3 Bd5 87. Ka4 Kc4 88. Ka3 Kc3 89. Ka4 Nc5+ 90. Ka3 Ne4 91. Ka4 Nd6 92. Ka3 Nb5+ 93. Ka4 Kc4 94. Ka5 Kc5 95. Ka4 Be6 96. Ka5 Bb3 97. Ka6 Nd6 98. Ka5 Nb7+ 99. Ka6 Kc6 100. Ka7 Kc7 101. Ka6 Bc4+ 102. Ka7 Nd6 103. Ka8 Bb5 104. Ka7 Nc8+ 105. Ka8 Bc6# 0-1

[Event "XII Cracow ICC-B 2024"]
[Site "Krakow"]
[Date "2024.06.26"]
[Round "6.2"]
[White "Wasiluk, Dominik"]
[Black "Botez, Andrea"]
[Result "0-1"]
[ECO "B21"]
[WhiteElo "1709"]
[BlackElo "1906"]
[Annotator "NA RC"]
[PlyCount "47"]
[EventDate "2024.06.20"]
[EventType "swiss"]
[EventCountry "POL"]
[SourceTitle "playchess.com"]
[Source "ChessBase"]
[SourceQuality "1"]
[TimeControl "40/5400+30:1800+30"]

1. e4 c5 2. d4 cxd4 3. c3 dxc3 4. Nxc3 e6 5. Nf3 Bb4 6. Bf4 Nf6 7. Bd3 Nc6 8. O-O d6 9. h3 O-O 10. Qe2 e5 11. Bg5 Bxc3 12. bxc3 h6 13. Bc1 Nd7 14. Rd1 Nc5 15. Bc2 Qf6 16. Nd2 Qg6 17. Kh1 Rd8 18. Ba3 b6 19. Nb3 Ba6 20. Qf3 Bb7 21. Rd2 Qg5 22. Rad1 Qe7 23. Nc1 Na5 24. Re2 0-1

[Event "XII Cracow ICC-B 2024"]
[Site "Krakow"]
[Date "2024.06.26"]
[Round "6.3"]
[White "Kaim, Piotr"]
[Black "Polak, Michal"]
[Result "1/2-1/2"]
[ECO "A08"]
[WhiteElo "2094"]
[BlackElo "1996"]
[Annotator "RC"]
[PlyCount "61"]
[EventDate "2024.06.20"]
[EventType "swiss"]
[EventCountry "POL"]
[SourceTitle "playchess.com"]
[Source "ChessBase"]
[SourceQuality "1"]
[TimeControl "40/5400+30:1800+30"]

1. g3 Nf6 2. Bg2 e6 3. Nf3 d5 4. O-O Be7 5. d3 O-O 6. Nbd2 c5 7. e4 Nc6 8. Re1 d4 9. e5 Nd5 10. a4 f5 11. exf6 gxf6 12. Nc4 Kh8 13. c3 e5 14. Nh4 dxc3 15. Qh5 cxb2 16. Bxb2 Rg8 17. Qf7 Ndb4 18. Nxe5 Nxe5 19. Rxe5 Rg7 20. Qh5 fxe5 21. Qxe5 Qf8 22. Re1 Nxd3 23. Qxg7+ Qxg7 24. Bxg7+ Kxg7 25. Rxe7+ Kf6 26. Rxh7 Be6 27. Bxb7 Rb8 28. Nf3 c4 29. Rh6+ Ke7 30. Nd4 Bd7 31. Be4 1/2-1/2

[Event "XII Cracow ICC-B 2024"]
[Site "Krakow"]
[Date "2024.06.26"]
[Round "6.4"]
[White "Wnek, Filip"]
[Black "Botez, Alexandra"]
[Result "1-0"]
[ECO "C11"]
[WhiteElo "2019"]
[BlackElo "2011"]
[Annotator "ChessBase"]
[PlyCount "65"]
[EventDate "2024.06.20"]
[EventType "swiss"]
[EventCountry "POL"]
[SourceTitle "playchess.com"]
[Source "ChessBase"]
[SourceQuality "1"]
[TimeControl "40/5400+30:1800+30"]

1. e4 e6 2. d4 d5 3. Nc3 Nf6 4. e5 Nfd7 5. f4 c5 6. Nf3 Nc6 7. Be3 Be7 8. Qd2 b6 9. g3 O-O 10. Bh3 cxd4 11. Nxd4 Bb7 12. O-O-O Na5 13. Bxe6 Bb4 14. Bxd7 Qxd7 15. Qd3 Qc8 16. Bd2 Nc4 17. Be1 Rd8 18. Rg1 Bf8 19. Bf2 a6 20. Qf5 Qc7 21. e6 f6 22. Nb3 Rac8 23. Bd4 Re8 24. Rg2 Qc6 25. Re2 Bb4 26. Bxf6 gxf6 27. Nxd5 Be7 28. Nxe7+ Rxe7 29. Qxf6 Qc7 30. Rd7 Rxd7 31. exd7 Qxd7 32. Re7 Qg4 33. Qf7+ 1-0

[Event "XII Cracow ICC-B 2024"]
[Site "Krakow"]
[Date "2024.06.26"]
[Round "6.5"]
[White "Palacki, Rafal"]
[Black "Padalka, Artem"]
[Result "0-1"]
[ECO "B20"]
[WhiteElo "1919"]
[BlackElo "2177"]
[Annotator "RC"]
[PlyCount "70"]
[EventDate "2024.06.20"]
[EventType "swiss"]
[EventCountry "POL"]
[SourceTitle "playchess.com"]
[Source "ChessBase"]
[SourceQuality "1"]
[TimeControl "40/5400+30:1800+30"]

1. e4 c5 2. b3 e5 3. Bb2 Nc6 4. Bc4 Nf6 5. Nc3 Be7 6. Nge2 O-O 7. O-O Nxe4 8. Nxe4 d5 9. Bb5 dxe4 10. Bxc6 bxc6 11. Bxe5 Qd5 12. Bc3 Ba6 13. f3 f5 14. fxe4 fxe4 15. Rxf8+ Rxf8 16. Ng3 Bf6 17. Qe1 Bd4+ 18. Kh1 Rf4 19. Ne2 Bxe2 20. Qxe2 Rf2 21. Qg4 h5 22. Qc8+ Kh7 23. Qa6 Bxc3 24. dxc3 Rxc2 25. c4 Qd2 26. Rg1 Rc1 27. h3 Rxg1+ 28. Kxg1 Qc1+ 29. Kh2 Qf4+ 30. Kg1 e3 31. Qxc6 e2 32. Qe8 Qf1+ 33. Kh2 e1=Q 34. Qxh5+ Kg8 35. Qd5+ Qf7 0-1

[Event "XII Cracow ICC-B 2024"]
[Site "Krakow"]
[Date "2024.06.26"]
[Round "6.6"]
[White "Pietrzak, Tomasz"]
[Black "Soldo, Dario"]
[Result "1-0"]
[ECO "A50"]
[WhiteElo "1918"]
[BlackElo "2018"]
[Annotator "RC"]
[PlyCount "223"]
[EventDate "2024.06.20"]
[EventType "swiss"]
[EventCountry "POL"]
[SourceTitle "playchess.com"]
[Source "ChessBase"]
[SourceQuality "1"]
[TimeControl "40/5400+30:1800+30"]

1. c4 Nf6 2. d4 c6 3. Nf3 d5 4. Qc2 e6 5. g3 Bd6 6. Bg2 O-O 7. O-O Ne4 8. b3 Nd7 9. Ba3 Bxa3 10. Nxa3 Qe7 11. Qb2 b6 12. Rac1 Ba6 13. b4 c5 14. dxc5 bxc5 15. b5 Bb7 16. Nd2 Ndf6 17. Nb3 Rac8 18. e3 Rfd8 19. f3 Nd6 20. Na5 Ba8 21. Rfd1 Nf5 22. Nc2 Qc7 23. Qc3 d4 24. exd4 cxd4 25. Qb4 d3 26. Ne1 Qe5 27. Nxd3 Qe3+ 28. Nf2 Bxf3 29. Re1 Be2 30. Qc3 Qd2 31. Nc6 Rd7 32. Qxd2 Rxd2 33. Nxa7 Rxc4 34. b6 Rxc1 35. Rxc1 Ba6 36. b7 Bxb7 37. Bxb7 Nd6 38. Bf3 Rxa2 39. Nb5 Nde8 40. Rc8 Ra1+ 41. Kg2 Kf8 42. Nd6 Ke7 43. Nxe8 Nxe8 44. Rb8 Nd6 45. Rb2 Ra3 46. Ne4 Nxe4 47. Bxe4 f5 48. Bf3 Ra6 49. h4 Kf6 50. Kf2 g6 51. Be2 Ra7 52. Rb6 Re7 53. Bc4 h5 54. Ke3 g5 55. hxg5+ Kxg5 56. Rb8 Rg7 57. Kf3 e5 58. Re8 e4+ 59. Ke3 Kg4 60. Kf2 h4 61. Be2+ Kg5 62. gxh4+ Kxh4 63. Rh8+ Kg5 64. Ke3 Kf6 65. Rf8+ Rf7 66. Ra8 Rh7 67. Bc4 Rh3+ 68. Kd4 Kg5 69. Ke5 Rf3 70. Rg8+ Kh4 71. Bd5 Rg3 72. Rh8+ Kg4 73. Be6 Kf3 74. Bxf5 e3 75. Be4+ Ke2 76. Kf4 Rg7 77. Rh2+ Kd1 78. Kxe3 Rg3+ 79. Kd4 Ra3 80. Bd3 Kc1 81. Rc2+ Kb1 82. Rf2+ Ka1 83. Kc4 Ra4+ 84. Kc3 Ra3+ 85. Kd4 Ra4+ 86. Bc4 Ra3 87. Kc5 Rg3 88. Kb4 Kb1 89. Bb3 Rg1 90. Re2 Rg7 91. Ka3 Ra7+ 92. Ba4 Kc1 93. Rc2+ Kb1 94. Rd2 Rc7 95. Rd1+ Rc1 96. Rd2 Rc3+ 97. Kb4 Rc1 98. Bb5 Rg1 99. Kc3 Rg3+ 100. Bd3+ Kc1 101. Rc2+ Kd1 102. Rf2 Rg1 103. Re2 Rg7 104. Rf2 Rc7+ 105. Bc4 Re7 106. Rf1+ Re1 107. Rf6 Rg1 108. Rf3 Kc1 109. Rf8 Kd1 110. Re8 Rg3+ 111. Bd3 Rg7 112. Bc2+ 1-0

[Event "XII Cracow ICC-B 2024"]
[Site "Krakow"]
[Date "2024.06.26"]
[Round "6.7"]
[White "Rainer, Piotr"]
[Black "Zieba, Hubert"]
[Result "0-1"]
[ECO "B29"]
[WhiteElo "1910"]
[BlackElo "2012"]
[Annotator "NA RC"]
[PlyCount "112"]
[EventDate "2024.06.20"]
[EventType "swiss"]
[EventCountry "POL"]
[SourceTitle "playchess.com"]
[Source "ChessBase"]
[SourceQuality "1"]
[TimeControl "40/5400+30:1800+30"]

1. e4 c5 2. Nf3 Nf6 3. Nc3 d5 4. exd5 Nxd5 5. Bc4 Nxc3 6. bxc3 e6 7. O-O Bd6 8. d4 Nd7 9. Be3 O-O 10. a4 Qc7 11. Bd3 c4 12. Be2 Nf6 13. Nd2 Nd5 14. Bxc4 Bxh2+ 15. Kh1 Nxc3 16. Qf3 Bd6 17. Bg5 Nd5 18. Bxd5 exd5 19. Qxd5 Be6 20. Qe4 Qa5 21. Bf4 Qh5+ 22. Kg1 Bd5 23. Qe3 Qg4 24. Bg3 Rfe8 25. Qd3 Bxg3 26. fxg3 Re2 27. Rf2 Rae8 28. Nf3 R2e3 29. Qf1 Bxf3 30. Rxf3 Rxf3 31. gxf3 Qxg3+ 32. Qg2 Qxg2+ 33. Kxg2 Re2+ 34. Kg3 Rxc2 35. Rb1 Rc7 36. Kf4 Kf8 37. Ke5 Ke7 38. a5 f6+ 39. Kd5 Rd7+ 40. Kc5 Kd8 41. d5 Kc7 42. Rd1 b6+ 43. axb6+ axb6+ 44. Kb5 Kd6 45. Kxb6 Rc7 46. f4 Rc5 47. Rh1 h6 48. Rg1 g5 49. fxg5 hxg5 50. Rf1 Rxd5 51. Rxf6+ Ke5 52. Rf8 g4 53. Kc6 Rd2 54. Kc5 Rc2+ 55. Kb4 g3 56. Kb3 Rc6 0-1